 Dungeon Crawl Stone Soup version 0.32-a0-886-g41c5271027 (webtiles) character file.

Game seed: 11452189648019896443

157 Gadrel the Sneak (level 5, -3/38 HPs)
             Began as a Mummy Brigand on Apr 3, 2024.
             Slain by a hobgoblin
             ... wielding a +0 great mace
             ... led by Robin
              (21 damage)
             ... on level 3 of the Dungeon.
             The game lasted 00:08:14 (2739 turns).

Gadrel the Sneak (Mummy Brigand)                    Turns: 2739, Time: 00:08:15

Health: -3/38      AC:  4    Str: 14    XL:     5   Next: 15%
Magic:  1/9        EV: 10    Int: 12    God:
Gold:   138        SH:  0    Dex: 14    Spells: 9/10 levels left

rFire   x . .        a - +2 dagger
rCold   + + .        (no shield)
rNeg    + + +        f - +0 leather armour
rPois   ∞            (no helmet)
rElec   .            c - +0 cloak
rCorr   .            (no gloves)
SInv    .            (no boots)
Will    .....        (no amulet)
Stlth   ++           C - ring of protection from cold {rC+, !d}
HPRegen 0.26/turn    (no ring)
MPRegen 0.11/turn

%: faith
@: no status effects
A: cold resistance 1, negative energy resistance 3, torment resistance 2, heat
vulnerability 1, in touch with death 1, no potions, faith
a: no special abilities


You were on level 3 of the Dungeon.
You visited 1 branch of the dungeon, and saw 3 of its levels.

You collected 176 gold pieces.
You spent 38 gold pieces at shops.

Inventory:

Hand Weapons
 a - a +2 dagger (weapon)
Missiles
 d - 9 poisoned darts
 e - 2 curare-tipped darts
 g - 14 boomerangs
 l - 3 javelins
 s - 17 stones
Armour
 c - a +0 cloak (worn)
 f - a +0 leather armour (worn)
   (You found it on level 1 of the Dungeon)
Jewellery
 C - a ring of protection from cold (left hand) {rC+, !d}
   (You found it on level 2 of the Dungeon)
Scrolls
 b - 2 scrolls of enchant weapon {unknown}
 h - a scroll of enchant armour
 i - a scroll of fog
 j - a scroll of poison
 k - a scroll of revelation {unknown}
 m - a scroll of blinking {unknown}


   Skills:
 - Level 2.0 Fighting
 - Level 2.0 Short Blades
 - Level 2.0 Throwing
 - Level 0.7 Dodging
 - Level 4.0 Stealth
 + Level 3.2 Spellcasting
 + Level 1.9 Earth Magic


You had 9 spell levels left.
You knew the following spells:

 Your Spells              Type           Power      Damage    Failure   Level
a - Sandblast             Erth           12%        2d6       14%         1

Your spell library contained the following spells:

 Spells                   Type           Power      Damage    Failure   Level
 Stone Arrow              Conj/Erth      8%         3d7       52%         3
 Brom's Barrelling Bould  Conj/Erth      4%         2d3       90%         4


Dungeon Overview and Level Annotations

Branches:
Dungeon (3/15)

Altars:
Trog

Shops:
D:2 *

Annotations:
D:3 exclusion: orc wizard


Innate Abilities, Weirdness & Mutations

You are immune to poison.
Your flesh is cold resistant. (rC+)
You are immune to negative energy. (rN+++)
You are immune to unholy pain and torment.
You are vulnerable to heat. (rF-)
You are in touch with the powers of death.
You do not drink.
You have a special connection with the divine. (Faith)


Message History

The blast of sand hits the hobgoblin.
You kill the hobgoblin!
You now have 7/9 mp.
Press: ? - help, Shift-Dir - straight line, f - goblin
Aim: a goblin, wielding a +0 dagger (76% to hit)
The blast of sand hits the goblin!
You kill the goblin!
You now have 6/9 mp.
Found a glowing golden altar of the Shining One.
MP restored: 9 You now have 138 gold pieces (gained 14).
s - 17 stones (gained 6) Robin and a hobgoblin come into view.
Robin is wielding a +0 falchion and carrying a wand of flame.
A goblin comes into view. It is wielding a +0 dagger.
The goblin shouts!
The hobgoblin shouts!
Robin shouts!
Robin roars a battlecry!
The goblins go into a battle-frenzy!
You hear a shout! x4
Press: ? - help, Shift-Dir - straight line, f - hobgoblin
Aim: a hobgoblin (strong, 81% to hit)
The blast of sand hits the hobgoblin.
Robin roars a battlecry!
You now have 8/9 mp.
Press: ? - help, Shift-Dir - straight line, f/p - hobgoblin
Aim: a hobgoblin (almost dead, strong, 81% to hit)
The blast of sand hits the hobgoblin but does no damage.
A goblin comes into view. It is wielding a +0 club.
The hobgoblin hits you but does no damage.
You now have 7/9 mp.
You hit the hobgoblin.
You kill the hobgoblin!
Robin throws the goblin at you! The goblin hits you with a +0 dagger.
You take 1 damage, and have 37/38 hp.
Press: ? - help, Shift-Dir - straight line, f - goblin
Aim: a goblin, wielding a +0 dagger (strong, 76% to hit)
You miscast Sandblast.
You are very lightly contaminated with residual magic.
Nothing appears to happen.
The goblin hits you with a +0 dagger.
You take 2 damage, and have 35/38 hp.
You now have 6/9 mp.
Press: ? - help, Shift-Dir - straight line, f/p - goblin
Aim: a goblin, wielding a +0 dagger (strong, 76% to hit)
The blast of sand hits the goblin.
You kill the goblin!
A goblin comes into view. It is wielding a +0 club.
You now have 5/9 mp.
Press: ? - help, Shift-Dir - straight line, f - Robin
Aim: Robin, wielding a +0 falchion, wearing a +0 animal skin, wearing a +0 helmet and carrying a wand of flame (86% to hit)
The blast of sand hits Robin but does no damage.
Robin zaps a wand.
The puff of flame hits you! The fire burns you terribly!
A hobgoblin comes into view. It is wielding a +0 great mace.
You take 8 damage, and have 27/38 hp.
MASSIVE DAMAGE!!
You now have 4/9 mp.
Press: ? - help, Shift-Dir - straight line, f/p - Robin
Aim: Robin, wielding a +0 falchion, wearing a +0 animal skin, wearing a +0 helmet and carrying a wand of flame (86% to hit)
The blast of sand hits Robin.
Robin roars a battlecry!
The hobgoblin goes into a battle-frenzy!
Robin zaps a wand.
The puff of flame misses you.
A goblin comes into view. It is wielding a +0 dagger.
Unknown command.
Unknown command.
Throw: 3 darts (curare)
Press: ? - help, Shift-Dir - straight line, f/p - Robin
Aim: Robin, wielding a +0 falchion, wearing a +0 animal skin, wearing a +0 helmet and carrying a wand of flame (moderately wounded, 65% to hit)
You throw a curare-tipped dart. The curare-tipped dart hits Robin.
Robin is poisoned.
Robin struggles to breathe.
Robin seems to slow down.
A goblin comes into view. It is wielding a +0 club.
Press: ? - help, Shift-Dir - straight line, f/p - Robin
Aim: Robin, wielding a +0 falchion, wearing a +0 animal skin, wearing a +0 helmet and carrying a wand of flame (almost dead, very poisoned, slow, 86% to hit)
The blast of sand misses Robin.
Robin throws the goblin at you! The goblin hits you but does no damage.
Your magical contamination has completely faded away.
You now have 3/9 mp.
Press: ? - help, Shift-Dir - straight line, f/p - Robin
Aim: Robin, wielding a +0 falchion, wearing a +0 animal skin, wearing a +0 helmet and carrying a wand of flame (almost dead, very poisoned, slow, 86% to hit)
The blast of sand misses Robin.
The goblin hits you with a +0 club. Robin throws the goblin at you!
The goblin hits you with a +0 club. The goblin barely misses you.
You take 7 damage, and have 21/38 hp.
You now have 2/9 mp.
Press: ? - help, Shift-Dir - straight line, f/p - Robin
Aim: Robin, wielding a +0 falchion, wearing a +0 animal skin, wearing a +0 helmet and carrying a wand of flame (almost dead, very poisoned, slow, 86% to hit)
The blast of sand hits Robin.
You kill Robin!
The goblin no longer looks unusually strong.
The goblin hits you with a +0 club. The goblin hits you but does no damage.
You take 1 damage, and have 20/38 hp.
You now have 1/9 mp.
You closely miss the hobgoblin. The goblin hits you with a +0 club.
The hobgoblin closely misses you. The goblin misses you.
You take 2 damage, and have 18/38 hp.
You closely miss the hobgoblin. The goblin closely misses you.
The hobgoblin barely misses you. The goblin closely misses you.
You hit the hobgoblin but do no damage. The goblin barely misses you.
The hobgoblin hits you with a +0 great mace!!
Ouch! That really hurt!
You die...

#.# #.#
#.# #.#
#.# #.#
#.#
########g#
....ggg@g#
##########


You could see a hobgoblin (strong) and 4 goblins.

Vanquished Creatures
  Natasha (thrice) (D:3)
  Robin (D:3)
  3 dart slugs
  2 ball pythons (D:1)
  7 endoplasms
  3 giant cockroaches (D:2)
  6 goblins
  10 hobgoblins
  7 jackals (D:1)
  3 quokkas
  6 bats
  4 frilled lizards
  4 kobolds
  7 rats
66 creatures vanquished.

Notes
Turn   | Place    | Note
-------+----------+-------------------------------------------
     0 | D:1      | Gadrel the Mummy Brigand began the quest for the Orb.
     0 | D:1      | Reached XP level 1. HP: 16/16 MP: 1/1
   123 | D:1      | Reached skill level 2 in Short Blades
   169 | D:1      | Reached skill level 2 in Throwing
   169 | D:1      | Reached XP level 2. HP: 20/22 MP: 2/2
   352 | D:1      | Reached XP level 3. HP: 17/27 MP: 3/3
   511 | D:1      | Found a faded altar of an unknown god.
   688 | D:1      | Reached skill level 4 in Stealth
   918 | D:2      | Found Uzafeame's Assorted Antiques.
   923 | D:2      | Bought a scroll labelled KOSIUC LUGYKH for 19 gold pieces
   923 | D:2      | Bought a scroll labelled CYNINT MUEMA for 19 gold pieces
   951 | D:2      | Reached skill level 1 in Spellcasting
  1011 | D:2      | Learned a level 1 spell: Sandblast
  1486 | D:2      | Found a bloodstained altar of Trog.
  2144 | D:3      | Noticed Natasha
  2154 | D:3      | HP: 5/27 [Natasha (4)]
  2156 | D:3      | Killed Natasha
  2157 | D:3      | Reached skill level 2 in Spellcasting
  2157 | D:3      | Reached skill level 1 in Earth Magic
  2157 | D:3      | Reached XP level 4. HP: 4/33 MP: 3/7
  2359 | D:3      | Noticed Natasha
  2374 | D:3      | Killed Natasha
  2453 | D:3      | Noticed Natasha
  2462 | D:3      | Killed Natasha
  2463 | D:3      | Reached skill level 3 in Spellcasting
  2463 | D:3      | Reached XP level 5. HP: 17/38 MP: 1/9
  2724 | D:3      | Noticed Robin
  2736 | D:3      | Killed Robin
  2739 | D:3      | Slain by a hobgoblin

Illustrated notes

Levels and vault maps discovered:
D:1:      dpeg_arrival_three_same_balls, layout_basic,
          shapermc_ecumenical_altar_mp_ritualfount
D:2:      kennysheep_six_static_rooms, layout_loops_ring, basic_altar,
          serial_shops, nicolae_shop_stone, nicolae_twisty_statue_hallways
D:3:      layout_loops_ring, nicolae_tso_carved_into_rock,
          dreamdust_mushroom_princess, uniq_robin, uniq_natasha

Skill      XL: |  1  2  3  4 |
---------------+-------------+-----
Short Blades   | 2 |  2.0
Throwing       | 2 |  2.0
Stealth        | 4 |  4.0
Spellcasting   | 2 3 |  3.2
Earth Magic    | 1 |  1.9
Fighting       | |  2.0
Dodging        | |  0.7

Action                     |  1- 3 |  4- 6 || total
---------------------------+-------+-------++-------
  Melee: Dagger            |   172 |     9 ||   181
  Throw: Stone             |    22 |       ||    22
         Dart              |     2 |     1 ||     3
   Cast: Sandblast         |    17 |    29 ||    46
    Use: Scroll            |     3 |       ||     3
   Stab: Sleeping          |     3 |       ||     3
 Armour: Leather armour    |    89 |    26 ||   115
  Dodge: Dodged            |    57 |    20 ||    77

Table legend: (Time is in decaauts)
 A = Elapsed time spent in this place.
 B = Non-inter-level travel time spent in this place.
 C = Inter-level travel time spent in this place.
 D = Time resting spent in this place.
 E = Time spent auto-exploring this place.
 F = Levels seen in this place.
 G = Mean time per level.
                   A        B        C        D        E       F      G
               +--------+--------+--------+--------+--------+-----+--------+
         Total |   2752 |   2665 |     87 |     61 |   2016 |   3 |  917.3 |
       Dungeon |   2752 |   2665 |     87 |     61 |   2016 |   3 |  917.3 |
               +--------+--------+--------+--------+--------+-----+--------+

Top non-repeatable levels by time:
     D:2: 1098 daAuts
     D:3: 869 daAuts
     D:1: 784 daAuts

Levels and vault maps discovered:
D:1:      dpeg_arrival_three_same_balls, layout_basic,
          shapermc_ecumenical_altar_mp_ritualfount
D:2:      kennysheep_six_static_rooms, layout_loops_ring, basic_altar,
          serial_shops, nicolae_shop_stone, nicolae_twisty_statue_hallways
D:3:      layout_loops_ring, nicolae_tso_carved_into_rock,
          dreamdust_mushroom_princess, uniq_robin, uniq_natasha

Table legend: (Time is in decaauts)
 A = Elapsed time spent in this place.
 B = Non-inter-level travel time spent in this place.
 C = Inter-level travel time spent in this place.
 D = Time resting spent in this place.
 E = Time spent auto-exploring this place.
 F = Levels seen in this place.
 G = Mean time per level.
                   A        B        C        D        E       F      G
               +--------+--------+--------+--------+--------+-----+--------+
         Total |   2752 |   2665 |     87 |     61 |   2016 |   3 |  917.3 |
       Dungeon |   2752 |   2665 |     87 |     61 |   2016 |   3 |  917.3 |
               +--------+--------+--------+--------+--------+-----+--------+

Top non-repeatable levels by time:
     D:2: 1098 daAuts
     D:3: 869 daAuts
     D:1: 784 daAuts

Table legend:
 A = Kills in this place as a percentage of kills in the entire game.
 B = Kills by you in this place as a percentage of kills by you in the entire game.
 C = Kills by friends in this place as a percentage of kills by friends in the entire game.
 D = Other kills in this place as a percentage of other kills in the entire game.
 E = Experience gained in this place as a percentage of experience gained in the entire game.
 F = Experience gained in this place divided by the number of levels of this place that you have seen.
                   A       B       C       D       E      F
               +-------+-------+-------+-------+-------+----------------------
         Total | 100.0 | 100.0 |   N/A |   N/A | 100.0 |  75.0
       Dungeon | 100.0 | 100.0 |   N/A |   N/A | 100.0 |  75.0
               +-------+-------+-------+-------+-------+----------------------
